 Dungeon Crawl Stone Soup version bcrawl-1.34.4 (webtiles) character file.

Game seed: 5745066274340862816

261796 KristoblXynda the Carver (level 9, 0/82 HPs)
             Began as a Black Draconian Gladiator on Oct 21, 2021.
             Slain by a centaur warrior (9 damage)
             ... on level 6 of the Dungeon.
             The game lasted 00:08:52 (6446 turns).

KristoblXynda the Carver (DrGl)                     Turns: 6446, Time: 00:08:52

Health: 0/82       AC: 14    Str: 18    XL:     9   Next: 21%
Magic:  9/9        EV: 14    Int:  9    God:
Gold:   377        SH:  9    Dex: 14    Spells: 8/8 levels left

rFire    . . .     SeeInvis .   a - +0 long sword
rCold    + . .     Gourm    .   r - +1 buckler
rNeg     . . .     Faith    .   (armour unavailable)
rPois    .         Spirit   .   b - +1 hat
rElec    +         Reflect  .   (no cloak)
rCorr    .         Harm     .   o - +0 pair of gloves
MR       .....                  l - +0 pair of boots
Stlth    +.........             (no amulet)
HPRegen  0.23/turn              s - ring of protection from cold
MPRegen  0.11/turn              w - +4 ring of protection

@: short of breath
A: breathe lightning, unfitting armour, electricity resistance, cold-blooded, AC
+7
a: Breathe Lightning


You were on level 6 of the Dungeon.
You were not hungry.

You visited 1 branch of the dungeon, and saw 6 of its levels.
You also visited: Sewer.

You collected 525 gold pieces.
You spent 148 gold pieces at shops.

Inventory:

Hand Weapons
 a - a +0 long sword (weapon)
Missiles
 c - a throwing net (quivered) {=f}
Armour
 b - a +1 hat (worn)
 l - a +0 pair of boots (worn)
 o - a +0 pair of gloves (worn)
 r - a +1 buckler (worn)
Jewellery
 s - a ring of protection from cold (left hand)
 w - a +4 ring of protection (right hand)
 A - a +4 ring of evasion {unknown}
Scrolls
 f - 9 scrolls of teleportation
 j - 7 scrolls of blinking
 n - 2 scrolls of amnesia
 p - 2 scrolls of enchant armour
 y - a scroll of fear
Potions
 d - 2 potions of flight
 g - 2 potions of lignification
 h - 3 potions of haste
 k - a potion of curing {unknown}
 q - 3 potions of heal wounds
 t - a potion of magic {unknown}
 v - a potion of might {unknown}
 x - a potion of resistance {unknown}
 z - a potion of brilliance {unknown}
Comestibles
 e - 8 rations {!d}
 i - 6 chunks of flesh


   Skills:
 + Level 8.6 Fighting
 * Level 8.7 Long Blades
 - Level 2.0 Throwing
 + Level 5.9 Dodging
 - Level 4.0 Shields


You had 8 spell levels left.
You didn't know any spells.
Your spell library was empty.

Dungeon Overview and Level Annotations

Branches:
Dungeon (6/12)
 Temple: D:4-7

Altars:
Elyvilon
Lugonu
Vehumet
Wu Jian
Yredelemnul
Zin

Shops:
D:4 [


Innate Abilities, Weirdness & Mutations

You can breathe wild blasts of lightning.
Your glossy black scales are hard. (AC +7)
You cannot fit into any form of body armour.
You are resistant to electric shocks. (rElec)
You are cold-blooded and may be slowed by cold attacks.


Message History

You tail-slap the centaur warrior, but do no damage.
The centaur warrior is heavily wounded.
The centaur warrior hits you.
* * * LOW HITPOINT WARNING * * *
You breathe a wild blast of lightning!
The orb of electricity explodes!
The orb of electricity engulfs the centaur warrior!!
The centaur warrior is almost dead.
You resist. The orb of electricity engulfs you.
* * * LOW HITPOINT WARNING * * *
You hear a mighty clap of thunder! x2
You feel somewhat more hungry.
You hear a shout! x5
The centaur warrior hits you!
* * * LOW HITPOINT WARNING * * *
The centaur warrior hits you but does no damage.
No path to travel!
You hit the centaur warrior.
The centaur warrior is almost dead.
The centaur warrior hits you!
You die...

≈≈≈≈≈≈≈...# ≈≈≈≈≈≈..#.#
≈≈≈≈≈......#
≈≈≈≈..!.....## #.
.............## #...
#........"#...#####.....
./........##............
...........c.<....#.......
............@.........##.#
............)............
.......?......)..........
#............).)).....#
##....................##
#.....................#
.......................#
..#..#########.........#
..... ##_## #....))...#


You could see a centaur warrior.

Vanquished Creatures
  Sigmund (D:2)
  The ghost of yrara the Insei, an amateur DsFi (D:4)
  A hungry ghost (D:5)
  A sky beast (D:4)
  2 orc warriors
  2 bullfrogs (D:5)
  8 big kobolds (Sewer)
  2 scorpions (D:5)
  2 orc priests (D:6)
  2 crimson imps
  A quasit (D:5)
  A hound (D:2)
  A jelly (D:5)
  4 orc wizards
  Ijyb (D:3)
  2 iguanas
  4 worker ants
  A howler monkey zombie (D:5)
  A worker ant zombie (D:6)
  Robin (D:4)
  A howler monkey skeleton (D:3)
  15 adders
  A river rat (Sewer)
  3 oozes (Sewer)
  2 adder skeletons
  5 worms
  2 dart slugs
  3 leopard geckos
  18 orcs
  6 ball pythons
  3 bats (D:2)
  17 hobgoblins
  18 jackals
  A quokka (D:2)
  4 frilled lizards
  7 goblins
  2 jackal skeletons
  14 kobolds
  2 quokka skeletons (D:5)
  12 rats
175 creatures vanquished.

Vanquished Creatures (others)
  A kobold (D:3)
1 creature vanquished.

Grand Total: 176 creatures vanquished

Notes
Turn   | Place    | Note
-------+----------+-------------------------------------------
     0 | D:1      | KristoblXynda the Draconian Gladiator began the quest for
                  | the Orb.
     0 | D:1      | Reached XP level 1. HP: 19/19 MP: 1/1
   315 | D:1      | Reached XP level 2. HP: 26/26 MP: 2/2
  1040 | D:2      | Reached XP level 3. HP: 17/33 MP: 3/3
  1135 | D:2      | Noticed Sigmund
  1371 | D:2      | Killed Sigmund
  1372 | D:2      | Reached XP level 4. HP: 38/41 MP: 4/4
  1372 | D:2      | Reached XP level 5. HP: 44/47 MP: 5/5
  1740 | D:2      | Reached skill level 5 in Long Blades
  1896 | D:2      | Reached XP level 6. HP: 7/53 MP: 6/6
  2206 | D:3      | Found a white marble altar of Elyvilon.
  2377 | D:3      | Found a radiant altar of Vehumet.
  2377 | D:3      | Found an ornate altar of the Wu Jian Council.
  2377 | D:3      | Found a basalt altar of Yredelemnul.
  2402 | D:3      | Noticed Ijyb
  2585 | D:3      | Killed Ijyb
  2892 | D:3      | Reached skill level 5 in Fighting
  3186 | D:4      | Noticed an orc warrior
  3214 | D:4      | Killed an orc warrior
  3215 | D:4      | Your scales start taking on a glossy black colour.
  3215 | D:4      | Reached XP level 7. HP: 31/64 MP: 7/7
  3215 | D:4      | Gained mutation: You are resistant to electric shocks.
                  | (rElec) [Black Draconian growth]
  3306 | D:4      | Found a glowing silver altar of Zin.
  3336 | D:4      | Reached skill level 1 in Shields
  3349 | D:4      | Found Kufrock's Antique Armour Shoppe.
  3357 | D:4      | Bought a pair of gloves for 148 gold pieces
  3369 | D:4      | Noticed Robin
  3380 | D:4      | Killed Robin
  3494 | D:4      | Found a glowing drain.
  3520 | Sewer    | Entered a sewer
  3754 | Sewer    | Reached XP level 8. HP: 61/73 MP: 8/8
  4127 | Sewer    | Reached skill level 5 in Dodging
  4460 | D:4      | Found a runed translucent gate.
  4461 | D:4      | Found a runed translucent gate.
  4462 | D:4      | Found a runed translucent gate.
  4463 | D:4      | Noticed yrara's ghost (amateur DsFi)
  5078 | D:4      | Killed yrara's ghost
  5154 | D:5      | Entered Level 5 of the Dungeon
  5229 | D:5      | Found a basalt altar of Yredelemnul.
  5717 | D:5      | Got a smoking ruby amulet
  5893 | D:6      | Identified the amulet "Regriag" {Inacc rC+ MP+9 Int-2} (You
                  | found it on level 5 of the Dungeon)
  5914 | D:6      | Found a corrupted altar of Lugonu.
  5952 | D:5      | Reached XP level 9. HP: 16/81 MP: 9/9
  6429 | D:6      | Noticed a centaur warrior
  6446 | D:6      | Slain by a centaur warrior

Skill      XL: |  1  2  3  4  5  6  7  8  9 |
---------------+----------------------------+-----
Throwing       | 2 |  2.0
Dodging        | 3 4 5 |  5.9
Fighting       | 4 6 7 8 |  8.6
Long Blades    | 4 5 6 8 |  8.7
Shields        | 2 3 4 |  4.0

Action                   |  1- 3 |  4- 6 |  7- 9 || total
-------------------------+-------+-------+-------++-------
Melee: Long sword        |    94 |   221 |   543 ||   858
       Tailslap          |    15 |    24 |    62 ||   101
       Unarmed           |       |     6 |       ||     6
Throw: Throwing net      |     1 |     1 |       ||     2
 Abil: Breathe Lightning |       |       |     8 ||     8
  Use: Potion            |     1 |     2 |       ||     3
       Scroll            |     2 |     4 |     7 ||    13
 Stab: Sleeping          |     1 |       |     1 ||     2
       Held in net/web   |     1 |     1 |       ||     2
  Eat: Chunk             |     3 |    11 |     9 ||    23
       Ration            |       |       |     5 ||     5
Armor: Skin              |    23 |    98 |   144 ||   265
Dodge: Dodged            |    73 |   203 |   258 ||   534
Block: Other             |     1 |     7 |       ||     8
       Buckler           |       |     1 |   213 ||   214
